 Dungeon Crawl Stone Soup version 0.30-a0-626-gd6a5dd7a1f (webtiles) character file.

Game seed: 1917441749682374080

1764266 Turgor the Deadly Accurate (level 27, 240/240 HPs)
             Began as a Gnoll Wanderer on Jan 4, 2023.
             Was the Champion of Ashenzari.
             Escaped with the Orb
             ... and 3 runes on Jan 11, 2023!
             The game lasted 08:41:46 (60758 turns).

Turgor the Deadly Accurate (Gnoll Wanderer)        Turns: 60758, Time: 08:41:47

Health: 240/240    AC: 39    Str: 32    XL:     27
Magic:  51/51      EV: 19    Int: 37    God:    Ashenzari [******]
Gold:   3465       SH: 18    Dex: 14    Spells: 10/75 levels left

rFire   + + .      SeeInvis +    J - +9 morningstar of the Lashed Augur {heavy, Str+3, Elem, Alch} (curse)
rCold   + + .      Faith    .    e - +2 shield of Resistance {rF++ rC++ Will++, Self, Fort} (curse)
rNeg    + . .      Spirit   .    m - +9 chain mail of Curses and Power {rF+ Str+6, Fort, Melee} (curse)
rPois   +          Reflect  .    Y - +1 hat of Ashenzari's Suspicion {rElec Slay+2, Elem, Bglg} (curse)
rElec   +          Harm     .    w - +0 cloak "Bound Together" {rPois Int+8, Fort, Comp} (curse)
rCorr   .          Rampage  .    x - +2 pair of gloves "Lashed With Me" {+Inv rF- Regen+ Int+3, Elem, Alch} (curse)
Will    ++++.      Clarity  +    I - +5 pair of boots "I Foresaw This" {Str+4 Dex+2 Slay+3, Comp, Self} (curse)
Stlth   ++                       V - amulet of Toth-Mos's Legacy {RegenMP, Cun, Self} (curse)
HPRegen 1.40/turn                F - ring of the Eye in the Sky {rN+, Range, Bglg} (curse)
MPRegen 0.72/turn                v - ring "Tethered Together" {Int+6 Slay+6, Bglg, Self} (curse)

@: studying 2 skills
A: fangs 1, strong nose, distributed training, talons 1, strong 1
0: Orb of Zot
}: 3/15 runes: barnacled, silver, gossamer
a: Renounce Religion, Evoke Invisibility, Shatter the Chains


You escaped.
You worshipped Ashenzari.
Ashenzari was exalted by your worship.
You visited 10 branches of the dungeon, and saw 48 of its levels.
You also visited: Gauntlet and Volcano.

You collected 7311 gold pieces.
You spent 3846 gold pieces at shops.

Inventory:

Hand Weapons
 J - the cursed +9 morningstar of the Lashed Augur (weapon) {heavy, Str+3, Elem, Alch}
   (You took it off a deep elf high priest on level 3 of the Elven Halls)

   Str:       It affects your strength (+3).
   It has a curse which improves the following skills: Elements: Fire Magic, Ice
   Magic, Air Magic and Earth Magic.
   Alchemy:   Poison Magic and Transmutations.
 T - the +9 sling of Conflict {heavy, Fly rC+ Int-2 SInv}
   (You found it on level 5 of the Vaults)

   Int:       It affects your intelligence (-2).
   rC:        It protects you from cold.
   SInv:      It lets you see invisible.
   Fly:       It grants you flight.
 X - a +9 heavy broad axe
Missiles
 o - 78 boomerangs (quivered)
 P - 15 silver javelins
 S - 8 throwing nets
 W - 9 curare-tipped darts
Armour
 e - the cursed +2 shield of Resistance (worn) {rF++ rC++ Will++, Self, Fort}
   (You bought it in a shop on level 2 of the Orcish Mines)

   rF:        It greatly protects you from fire.
   rC:        It greatly protects you from cold.
   Will:      It greatly increases your willpower.
   It has a curse which improves the following skills: Introspection: Fighting
   and Spellcasting.
   Fortitude: Armour and Shields.
 m - the cursed +9 chain mail of Curses and Power (worn) {rF+ Str+6, Fort, Melee}
   (You found it on level 3 of the Shoals)

   Str:       It affects your strength (+6).
   rF:        It protects you from fire.
   It has a curse which improves the following skills: Fortitude: Armour and
   Shields.
   Melee Combat: Short Blades, Long Blades, Axes, Maces & Flails, Polearms,
   Staves and Unarmed Combat.
 n - +8 gold dragon scales
 w - the cursed +0 cloak "Bound Together" (worn) {rPois Int+8, Fort, Comp}
   (You found it on level 1 of the Elven Halls)

   Int:       It affects your intelligence (+8).
   rPois:     It protects you from poison.
   It has a curse which improves the following skills: Fortitude: Armour and
   Shields.
   Companions: Summonings and Necromancy.
 x - the cursed +2 pair of gloves "Lashed With Me" (worn) {+Inv rF- Regen+ Int+3, Elem, Alch}
   (You found it on level 4 of the Spider Nest)

   Int:       It affects your intelligence (+3).
   rF:        It makes you vulnerable to fire.
   +Inv:      It lets you turn invisible.
   Regen:     It increases your rate of health regeneration.
   It has a curse which improves the following skills: Elements: Fire Magic, Ice
   Magic, Air Magic and Earth Magic.
   Alchemy:   Poison Magic and Transmutations.
 I - the cursed +5 pair of boots "I Foresaw This" (worn) {Str+4 Dex+2 Slay+3, Comp, Self}
   (You found it in a Gauntlet)

   Str:       It affects your strength (+4).
   Dex:       It affects your dexterity (+2).
   Slay:      It affects your accuracy & damage with ranged weapons and melee
   (+3).
   It has a curse which improves the following skills: Companions: Summonings
   and Necromancy.
   Introspection: Fighting and Spellcasting.
 Y - the cursed +1 hat of Ashenzari's Suspicion (worn) {rElec Slay+2, Elem, Bglg}
   (You found it on level 4 of the Vaults)

   Slay:      It affects your accuracy & damage with ranged weapons and melee
   (+2).
   rElec:     It insulates you from electricity.
   It has a curse which improves the following skills: Elements: Fire Magic, Ice
   Magic, Air Magic and Earth Magic.
   Beguiling: Conjurations, Hexes and Translocations.
Jewellery
 g - an amulet of reflection
 r - the ring "Zuckekue" {Fly rN+ Int-5 Dex+3}
   (You took it off a kobold demonologist on level 12 of the Dungeon)

   [ring of flight]

   Int:       It affects your intelligence (-5).
   Dex:       It affects your dexterity (+3).
   rN:        It protects you from negative energy.
   Fly:       It grants you flight.
 v - the cursed ring "Tethered Together" (right hand) {Int+6 Slay+6, Bglg, Self}
   (You found it on level 3 of the Elven Halls)

   [ring of intelligence]

   Int:       It affects your intelligence (+6).
   Slay:      It affects your accuracy & damage with ranged weapons and melee
   (+6).
   It has a curse which improves the following skills: Beguiling: Conjurations,
   Hexes and Translocations.
   Introspection: Fighting and Spellcasting.
 F - the cursed ring of the Eye in the Sky (left hand) {rN+, Range, Bglg}
   (You found it on level 12 of the Dungeon)

   [ring of positive energy]

   rN:        It protects you from negative energy.
   It has a curse which improves the following skills: Ranged Combat: Ranged
   Weapons and Throwing.
   Beguiling: Conjurations, Hexes and Translocations.
 O - the ring of Rifem {rPois Str+2 SInv}
   (You took it off a deep elf archer on level 3 of the Elven Halls)

   [ring of see invisible]

   Str:       It affects your strength (+2).
   rPois:     It protects you from poison.
   SInv:      It lets you see invisible.
 V - the cursed amulet of Toth-Mos's Legacy (around neck) {RegenMP, Cun, Self}
   (You found it on level 3 of the Lair of Beasts)

   [amulet of magic regeneration]

   It increases your rate of magic regeneration.
   It has a curse which improves the following skills: Cunning: Dodging and
   Stealth.
   Introspection: Fighting and Spellcasting.
Wands
 t - a wand of iceblast (32)
 C - a wand of digging (7)
 K - a wand of charming (41)
 L - a wand of mindburst (5)
 U - a wand of acid (35)
Scrolls
 f - 6 scrolls of magic mapping
 i - 3 scrolls of silence
 j - 8 scrolls of poison
 k - a scroll of amnesia
 q - 4 scrolls of fog
 y - 6 scrolls of blinking
 A - 2 scrolls of butterflies
 G - 7 scrolls of fear
 N - 23 scrolls of teleportation
Potions
 a - 9 potions of mutation
 b - 21 potions of curing
 c - 7 potions of ambrosia
 h - 10 potions of heal wounds
 l - 12 potions of brilliance
 p - 9 potions of attraction
 s - 3 potions of magic
 u - 4 potions of cancellation
 z - 5 potions of flight
 E - 2 potions of resistance
 H - a potion of invisibility
 M - 4 potions of might
 Z - 6 potions of haste
Miscellaneous
 d - a phial of floods
 B - a lightning rod (4/4)
 D - a phantom mirror
 Q - a box of beasts
 R - a condenser vane


   Skills:
 + Level 18.7(24.6) Fighting
 + Level 18.7(21.1) Short Blades
 + Level 18.7(21.1) Long Blades
 + Level 18.7(21.1) Axes
 + Level 18.7(21.1) Maces & Flails
 + Level 18.7(21.1) Polearms
 + Level 18.7(21.1) Staves
 + Level 18.7(21.1) Ranged Weapons
 + Level 20.8(23.1) Throwing
 + Level 18.9(23.7) Armour
 + Level 18.7(21.1) Dodging
 + Level 18.9(21.2) Stealth
 + Level 18.7(23.5) Shields
 + Level 18.7(21.1) Unarmed Combat
 + Level 18.9(24.8) Spellcasting
 + Level 16.0(21.0) Conjurations
 + Level 16.0(21.0) Hexes
 + Level 17.7(21.4) Summonings
 + Level 16.0(19.8) Necromancy
 + Level 16.0(21.0) Translocations
 + Level 16.0(19.8) Transmutations
 + Level 16.8(21.7) Fire Magic
 + Level 16.0(21.0) Ice Magic
 + Level 16.0(21.0) Air Magic
 + Level 16.8(21.7) Earth Magic
 + Level 16.0(19.8) Poison Magic
 + Level 20.2 Invocations
 + Level 18.7 Evocations


You had 10 spell levels left.
You knew the following spells:

 Your Spells              Type           Power      Damage    Failure   Level
a - Sublimation of Blood  Necr           100%       N/A       0%          2
b - Passwall              Tmut/Erth      96%        N/A       0%          2
c - Scorch                Fire           100%       2d10      0%          2
d - Ignite Poison         Fire/Tmut/Pois 100%       N/A       0%          3
e - Manifold Assault      Tloc           100%       N/A       0%          4
f - Borgnjor's Vile Clut  Necr/Erth      58%        N/A       0%          5
g - Airstrike             Air            58%        2d(9-25)  0%          4
h - Mephitic Cloud        Conj/Pois/Air  100%       N/A       0%          3
i - Poisonous Vapours     Pois/Air       100%       N/A       0%          2
j - Animate Armour        Summ/Erth      100%       N/A       0%          4
k - Summon Lightning Spi  Summ/Air       100%       N/A       0%          4
l - Statue Form           Tmut/Erth      77%        N/A       1%          6
m - Blink                 Tloc           100%       N/A       0%          2
n - Iron Shot             Conj/Erth      58%        9d11      1%          6
o - Spellforged Servitor  Conj/Summ      58%        N/A       1%          7
p - Lehudib's Crystal Sp  Conj/Erth      58%        10d14     1%          8
s - Sandblast             Erth           100%       2d20      0%          1

Your spell library contained the following spells:

 Spells                   Type           Power      Damage    Failure   Level
 Foxfire                  Conj/Fire      100%       2x1d9     0%          1
 Freeze                   Ice            100%       1d10      0%          1
 Necrotise                Necr           100%       1d9       0%          1
 Shock                    Conj/Air       100%       1d9       0%          1
 Sting                    Tmut/Pois      100%       1d8       0%          1
 Cigotuvi's Dreadful Rot  Necr/Pois/Air  100%       N/A       0%          2
 Ensorcelled Hibernation  Hex/Ice        100%       N/A       0%          2
 Momentum Strike          Conj/Tloc      100%       3d10      0%          2
 Call Canine Familiar     Summ           100%       N/A       0%          3
 Dazzling Flash           Conj/Hex       100%       N/A       0%          3
 Frozen Ramparts          Ice            100%       1d16      0%          3
 Gell's Gravitas          Tloc           100%       N/A       0%          3
 Hailstorm                Conj/Ice       100%       3d20      0%          3
 Inner Flame              Hex/Fire       100%       N/A       0%          3
 Kindle Blastsparks       Fire/Tloc/Air  100%       2d18      0%          3
 Lesser Beckoning         Tloc           100%       N/A       0%          3
 Ozocubu's Armour         Ice            100%       N/A       0%          3
 Stone Arrow              Conj/Erth      100%       3d13      0%          3
 Summon Guardian Golem    Hex/Summ       100%       N/A       0%          3
 Swiftness                Air            100%       N/A       0%          3
 Teleport Other           Tloc           100%       N/A       0%          3
 Tukima's Dance           Hex            100%       N/A       0%          3
 Vampiric Draining        Necr           100%       2d13      0%          3
 Vhi's Electric Charge    Tloc/Air       100%       N/A       0%          3
 Anguish                  Hex/Necr       57%        N/A       0%          4
 Animate Dead             Necr           100%       N/A       0%          4
 Cause Fear               Hex            58%        N/A       0%          4
 Flame Wave               Conj/Fire      100%       2d21      0%          4
 Fulminant Prism          Conj/Hex       58%        3d25      0%          4
 Ice Form                 Ice/Tmut       100%       N/A       0%          4
 Iskenderun's Mystic Bla  Conj/Tloc      100%       2d19      0%          4
 Passage of Golubria      Tloc           100%       N/A       0%          4
 Petrify                  Tmut/Erth      100%       N/A       0%          4
 Sticky Flame             Conj/Fire      100%       2d11      0%          4
 Summon Ice Beast         Ice/Summ       100%       N/A       0%          4
 Agony                    Necr           100%       N/A       0%          5
 Alistair's Intoxication  Tmut/Pois      75%        N/A       0%          5
 Arcjolt                  Conj/Air       58%        1d68      0%          5
 Blade Hands              Tmut           56%        N/A       0%          5
 Fireball                 Conj/Fire      58%        3d22      0%          5
 Irradiate                Conj/Tmut      57%        3d30      0%          5
 Iskenderun's Battlesphe  Conj           100%       2d15      0%          5
 Lee's Rapid Deconstruct  Erth           59%        3d27*     0%          5
 Lightning Bolt           Conj/Air       58%        1d80      0%          5
 Metabolic Englaciation   Hex/Ice        58%        N/A       0%          5
 Summon Mana Viper        Hex/Summ       100%       N/A       0%          5
 Yara's Violent Unravell  Hex/Tmut       57%        3d22      0%          5
 Conjure Ball Lightning   Conj/Air       58%        3x3d21    1%          6
 Dispersal                Tloc           58%        N/A       1%          6
 Eringya's Noxious Bog    Tmut/Pois      56%        N/A       1%          6
 Simulacrum               Ice/Necr       57%        N/A       1%          6
 Starburst                Conj/Fire      58%        6d16      1%          6
 Dragon Form              Tmut           56%        N/A       1%          7
 Haunt                    Necr/Summ      57%        N/A       1%          7
 Monstrous Menagerie      Summ           58%        N/A       1%          7
 Ozocubu's Refrigeration  Ice            58%        4d20      1%          7
 Discord                  Hex            58%        N/A       1%          8
 Disjunction              Tloc           58%        N/A       1%          8
 Ignition                 Fire           59%        3d16      1%          8
 Maxwell's Capacitive Co  Air            58%        ∞         1%          8
 Infestation              Necr           56%        N/A       2%          8
 Fire Storm               Conj/Fire      58%        8d15      19%         9


Dungeon Overview and Level Annotations

Branches:
Dungeon (15/15)            Temple (1/1) D:7            Lair (5/5) D:8
 Shoals (4/4) Lair:3       Spider (4/4) Lair:2        Slime (0/5) Lair:5
    Orc (2/2) D:12            Elf (3/3) Orc:2        Vaults (5/5) D:14
  Crypt (0/3) Vaults:3     Depths (4/4) D:15            Zot (5/5) Depths:4
Volcano (visited)         Gauntlet (visited)

Altars:
Ashenzari
Cheibriados
Dithmenos
Fedhas
Gozag
Kikubaaqudgha
Makhleb
Nemelex Xobeh
Okawaru
Qazlal
Ru
Sif Muna
Trog
Uskayaw
Vehumet
Xom
Jiyva
Lugonu

Shops:
D:12 [   Orc:1 *   Orc:2 *[:   Elf:1 *   Elf:3 (   Shoals:2 !   Vaults:1 *
Vaults:4 *   Depths:2 =(   Depths:4 :

Portals:
Hell: Depths:1 Depths:2 Depths:3 Depths:4
Abyss: Shoals:3 Depths:2 Depths:3 Depths:4
Pandemonium: Depths:2 Depths:3
Ziggurat: Depths:4

Annotations:
Vaults:3 exclusion: 2 doors


Innate Abilities, Weirdness & Mutations

You have very sharp teeth.
Your uncanny sense of smell can sniff out nearby items.
Your experience applies equally to all skills.
You have sharp toenails.
Your muscles are strong. (Str +4, Int/Dex -1)


Message History

The demonspawn black sun closely misses you.
You hit the demonspawn black sun.
You bite the demonspawn black sun, but do no damage.
The demonspawn black sun is heavily wounded.
You block the demonspawn black sun's attack.
You hit the demonspawn black sun but do no damage.
You bite the demonspawn black sun.
The demonspawn black sun is severely wounded.
You block the demonspawn black sun's attack.
You completely miss the demonspawn black sun.
You bite the demonspawn black sun, but do no damage.
The demonspawn black sun is severely wounded.
The demonspawn black sun misses you.
You sock the demonspawn black sun!
The demonspawn black sun is severely wounded.
The demonspawn black sun closely misses you.
You beat the demonspawn black sun like a drum!!!
You kill the demonspawn black sun!
(D) Dungeon (T) Temple (L) Lair (A) Shoals (N) Spider Nest (M) Slime Pits (O) Orcish Mines (E) Elven Halls (V) Vaults (C) Crypt (U) Depths (H) Hell (Z) Zot
Where to? (Enter - D:1, ? - help)
Things that are here:
a +0 dire flail; a +0 scale mail; a demonspawn corpse
There is a stone staircase leading up here.
You climb upwards.
There is a stone staircase leading down here.
You sense a monster nearby.
A cherub and a daeva come into view.
The cherub is wielding a +0 long sword of flaming.
The daeva is wielding a +5 scimitar of holy wrath.
The cherub moves out of view.
The cherub sings a powerful hymn!
The cherub unwields a +0 long sword of flaming.
It stops flaming.
The cherub wields a +0 shortbow.
The cherub shoots an arrow.
You block the arrow.
The cherub shoots an arrow.
You block the arrow.
There is a staircase leading out of the dungeon here.
The cherub sings a powerful hymn!
You have escaped!

#..##.#..# #..#
#...#.#.#### #..##
##..#.#...)#####...#
#..#.#.#####...##.#
#####..#{A.###.....##.#
..{......##........##.#
####.....##.........###
.........##....♣....##
#.........##....@....#####
#.........##.........##..#
#..........##........###.#
#..........##.....###..#.#
#........#.##...#####....#
#.......##...#####....##.#
#.......###..####.##.###.#
####..............##.# #.#
#.###############.# #.#


You could see a cherub.

Vanquished Creatures
  3 dread liches
  6 ancient liches
  2 orbs of fire (Zot:5)
  A pandemonium lord (D:14)
  Sojobo (Vaults:2)
  2 Killer Klowns (Zot:5)
  3 curse toes
  9 golden dragons
  2 electric golems
  A Hell Sentinel (D:3)
  12 tentacled monstrosities
  11 Orb Guardians (Zot:5)
  5 liches
  2 deep elf master archers (Elf:3)
  2 titans
  5 quicksilver dragons
  2 deep elf blademasters (Elf:3)
  5 death cobs
  Polyphemus (Shoals:4)
  2 sphinxes
  Gastronok (Lair:1)
  Kirke (Spider:3)
  6 tengu reavers
  4 shadow dragons
  Agnes (Spider:3)
  2 krakens
  12 storm dragons
  Roxanne (Shoals:4)
  7 draconian monks
  A daeva (Depths:4)
  10 frost giants
  6 fire giants
  A draconian knight (Zot:1)
  Louise (Depths:4)
  A spectral caustic shrike (Depths:4)
  2 iron dragons
  12 vault wardens
  2 draconian scorchers
  3 draconian shifters
  8 deep elf sorcerers
  6 emperor scorpions
  7 ghost moths
  A draconian stormcaller (Zot:2)
  5 deep elf elementalists (Elf:3)
  5 spriggan defenders
  4 very ugly things
  A war gargoyle (Vaults:1)
  11 ironbound preservers
  3 draconian annihilators
  5 orc warlords
  5 ironbound thunderhulks
  4 broodmothers
  7 stone giants
  8 deep elf annihilators
  3 vampire knights (Depths:2)
  A purple draconian (Zot:2)
  7 deep elf demonologists (Elf:3)
  6 green draconians
  A demonspawn black sun (D:2)
  2 dire elephants (Vaults:4)
  2 black draconians (Zot:1)
  4 white draconians
  A minotaur (Gauntlet)
  3 red draconians
  A yellow draconian (Depths:4)
  4 merfolk impalers
  7 ettins
  A crystal guardian (Vaults:1)
  2 deep elf death magi (Elf:3)
  10 spark wasps
  8 merfolk javelineers
  16 yaktaur captains
  7 entropy weavers
  Fannar (Lair:3)
  2 fire dragons
  2 great orbs of eyes
  7 deep elf high priests
  6 hydras
  3 spriggan air magi
  An ogre mage (Vaults:5)
  An alligator snapping turtle (Shoals:3)
  9 ice dragons
  A death knight (D:13)
  A catoblepas (Shoals:4)
  26 vault guards
  3 ironbound frosthearts
  4 merfolk avatars
  A jorogumo (Spider:1)
  8 boulder beetles
  22 centaur warriors
  A peacekeeper (Vaults:1)
  2 merfolk aquamancers
  2 radroaches
  21 dancing weapons
  A satyr (Shoals:2)
  6 tengu warriors
  A death scarab (Gauntlet)
  6 two-headed ogres
  4 deep troll shamans
  18 death yaks
  6 deep troll earth magi
  4 spriggan berserkers
  2 orc high priests
  Sonja (D:10)
  3 hell knights
  A soul eater (D:2)
  4 skeletal warriors
  Amaemon (Lair:3)
  24 deep elf knights
  5 pharaoh ants
  A shadow wraith (Vaults:5)
  34 deep trolls
  3 iron trolls
  A glowing orange brain (Vaults:1)
  11 sea snakes
  17 orb spiders
  12 deep elf archers
  2 flayed ghosts (Depths:3)
  14 wizards
  Pikel (D:6)
  An orange crystal statue (D:10)
  14 ironbound convokers
  16 orc knights
  7 steelbarb worms
  6 lindwurms
  A spectral hydra (Gauntlet)
  10 harpies
  29 deep elf zephyrmancers
  44 ugly things
  6 necromancers
  3 orc sorcerers
  A mana viper (shapeshifter) (D:13)
  4 phantasmal warriors
  18 manticores
  An oklob plant (Lair:5)
  9 cyclopes
  15 wolf spiders
  36 deep elf pyromancers
  13 moths of wrath
  14 fauns
  9 merfolk sirens
  10 elephants (Lair:5)
  A fire giant skeleton (Depths:2)
  A toenail golem (Volcano)
  2 ice statues
  Maurice (D:9)
  A frost giant skeleton (Depths:2)
  4 water nymphs
  2 torpor snails
  5 black mambas
  Joseph (Lair:1)
  5 demonic crawlers
  4 molten gargoyles (Volcano)
  A naga mage (Vaults:4)
  2 orange demons
  2 gargoyles
  15 vault sentinels
  An unseen horror (D:11)
  A cane toad (shapeshifter) (Elf:2)
  7 komodo dragons
  A rime drake (shapeshifter) (Vaults:5)
  5 rime drakes
  5 kobold demonologists
  14 cane toads
  3 efreet (Volcano)
  26 yaktaurs
  A yaktaur (shapeshifter) (Vaults:5)
  3 freezing wraiths
  A red devil (Depths:2)
  8 trolls
  2 ice devils
  3 meliai (Spider:4)
  9 wind drakes
  4 tengu conjurers
  A golden dragon simulacrum (Depths:2)
  38 merfolk
  A polar bear (shapeshifter) (Elf:3)
  5 polar bears
  A blink frog (shapeshifter) (D:13)
  8 hornets
  26 tarantellas
  11 dream sheep
  6 snapping turtles
  28 jumping spiders
  22 slime creatures
  A jumping spider (shapeshifter) (D:15)
  22 spriggans
  19 water elementals
  8 culicivoras
  12 flying skulls (Gauntlet)
  A vampire (D:7)
  60 yaks
  4 air elementals
  3 humans (Lair:3)
  5 fire elementals
  A wyvern (Lair:1)
  2 basilisks
  2 fire bats (Depths:3)
  A wraith (D:11)
  40 redbacks
  3 steam dragons
  2 hogs (Spider:3)
  12 vampire mosquitoes
  5 wargs
  3 acid dragons
  2 floating eyes
  3 hell hounds (Zot:1)
  10 water moccasins
  Duvessa (D:4)
  14 ice beasts
  33 orc warriors
  3 sky beasts
  6 black bears
  30 wolves
  11 ogres
  4 boggarts
  15 centaurs
  2 lemures (D:6)
  A phantom (D:7)
  2 kobold brigands
  Blork the orc (D:4)
  2 gnoll sergeants
  2 necrophages (D:6)
  7 bullfrogs
  4 earth elementals
  5 scorpions
  Dowan (D:4)
  8 killer bees
  9 electric eels
  10 howler monkeys
  6 hounds
  Crazy Yiuf (D:3)
  2 jellies (D:7)
  26 orc priests
  A gnoll bouda (D:9)
  Natasha (thrice) (D:4)
  5 iguanas
  29 orc wizards
  7 adders
  15 gnolls
  3 white imps
  An ufetubus (D:7)
  2 worms
  A dart slug (D:2)
  71 orcs
  4 bats
  7 endoplasms
  2 giant cockroaches
  4 hobgoblins
  4 jackals (D:3)
  2 quokkas
  9 ball pythons
  2 frilled lizards (D:3)
  9 goblins
  16 kobolds
  13 rats
  A fire vortex (Volcano)
  2 lurking horrors (Shoals:3)
  A tentacle (Shoals:4)
1820 creatures vanquished.

Vanquished Creatures (collateral kills)
  An ancient lich (Zot:5)
  An orb of fire (Zot:3)
  A Killer Klown (Zot:5)
  Margery (Depths:4)
  Bai Suzhen (Vaults:2)
  Frederick (Depths:3)
  A curse toe (Zot:4)
  3 golden dragons
  An electric golem (Zot:5)
  4 tentacled monstrosities
  A quicksilver dragon (Zot:2)
  2 liches
  14 Orb Guardians (Zot:5)
  6 death cobs
  A sphinx (Vaults:5)
  An ancient champion (Vaults:2)
  7 shadow dragons
  Donald (Shoals:3)
  4 storm dragons
  4 tengu reavers
  5 fire giants
  2 draconian knights
  3 emperor scorpions (Spider:4)
  2 frost giants
  4 draconian scorchers
  Aizul (Shoals:4)
  A draconian stormcaller (Zot:2)
  A vault warden (Vaults:5)
  A spriggan defender (Depths:2)
  3 spectral caustic shrikes (Depths:4)
  A juggernaut zombie (Depths:2)
  An angel (Depths:4)
  2 ironbound preservers
  6 stone giants
  4 draconian annihilators
  A reaper (Depths:2)
  2 very ugly things (Vaults:5)
  2 ironbound thunderhulks
  6 green draconians
  The ghost of Torious the Devastator, a journeyman DECj of Sif Muna (D:13)
  2 black draconians
  A vampire knight (Depths:3)
  A deep elf annihilator (Elf:1)
  5 red draconians
  2 dire elephants
  A blizzard demon (Zot:5)
  A white draconian (Zot:1)
  5 purple draconians
  8 yellow draconians
  The ghost of AppleFox63 the Destroyer, a journeyman DEEE of Vehumet (D:12)
  7 spark wasps
  A merfolk javelineer (Shoals:4)
  3 ettins
  4 fire dragons
  A merfolk impaler (Shoals:2)
  A rakshasa (Depths:2)
  A yaktaur captain (Vaults:5)
  7 vault guards (Vaults:5)
  A hydra (shapeshifter) (Vaults:5)
  2 ice dragons
  A spriggan air mage (Depths:3)
  An ogre mage (Vaults:2)
  An alligator snapping turtle (Shoals:4)
  A boulder beetle (Spider:2)
  2 death yaks (Shoals:4)
  A two-headed ogre (Vaults:2)
  3 dancing weapons
  A spriggan berserker (Depths:1)
  A deep troll earth mage (Depths:3)
  7 hell knights
  2 spriggans
  An iron troll (Depths:3)
  3 deep elf knights (Elf:2)
  5 skeletal warriors (D:14)
  A storm dragon skeleton (Depths:2)
  A titan skeleton (Depths:2)
  7 deep trolls
  2 pharaoh ants
  A sea snake (Shoals:4)
  A wizard (Vaults:3)
  A flayed ghost (Vaults:5)
  An orb spider (Spider:3)
  2 deep elf archers
  2 steelbarb worms
  13 harpies
  A necromancer (Depths:2)
  A stone giant zombie (Vaults:4)
  2 deep elf zephyrmancers (Elf:2)
  2 wolf spiders
  14 ugly things
  A manticore (Shoals:2)
  2 fauns (Shoals:2)
  A frost giant zombie (Depths:2)
  A moth of wrath (Zot:3)
  An elephant (Lair:5)
  A guardian serpent (shapeshifter) (Depths:4)
  A storm dragon simulacrum (Vaults:4)
  A molten gargoyle (Depths:3)
  5 demonic crawlers
  A yaktaur (Vaults:1)
  4 merfolk (Shoals:4)
  3 meliai (Spider:2)
  2 wind drakes
  2 hornets
  A dream sheep (Lair:3)
  A jumping spider (Spider:4)
  A stone giant simulacrum (Vaults:4)
  3 slime creatures
  5 culicivoras
  A wraith (D:13)
  4 water elementals (Depths:1)
  3 fire elementals (Volcano)
  2 fire bats (Depths:3)
  A neqoxec (Depths:2)
  A chaos spawn (D:14)
  9 redbacks
  A hell hound (Zot:1)
  2 foxfires (D:5)
303 creatures vanquished.

Vanquished Creatures (others)
  A fire dragon (Depths:1)
  2 lindwurms (Volcano)
  3 deep elf zephyrmancers (Elf:1)
  2 yaks
  A chaos spawn (D:14)
  A human (Spider:3)
  2 vampire mosquitoes (D:11)
  A fire vortex (Volcano)
  807 foxfires
  28 fungi
  213 plants
  7 tentacles
1068 creatures vanquished.

Grand Total: 3191 creatures vanquished

Notes
Turn   | Place    | Note
-------+----------+-------------------------------------------
     0 | D:1      | Turgor the Gnoll Wanderer began the quest for the Orb.
     0 | D:1      | Turgor set off with the following items: a +0 dagger, a
                  | potion of curing, a +0 robe, a +0 pair of boots; and the
                  | following spells available to memorise: Sandblast, Scorch,
                  | Foxfire, Stone Arrow, Ignite Poison.
     0 | D:1      | Reached XP level 1. HP: 13/13 MP: 4/4
     2 | D:1      | Learned a level 1 spell: Sandblast
     4 | D:1      | Learned a level 1 spell: Foxfire
   174 | D:1      | Reached XP level 2. HP: 19/19 MP: 2/5
  1070 | D:2      | Reached XP level 3. HP: 25/25 MP: 4/7
  1135 | D:2      | Found a faded altar of an unknown god.
  1398 | D:2      | Reached skill level 1 in Invocations
  1521 | D:2      | Reached skill level 1 in Fighting
  1521 | D:2      | Reached skill level 1 in Short Blades
  1521 | D:2      | Reached skill level 1 in Long Blades
  1521 | D:2      | Reached skill level 1 in Axes
  1521 | D:2      | Reached skill level 1 in Maces & Flails
  1521 | D:2      | Reached skill level 1 in Polearms
  1521 | D:2      | Reached skill level 1 in Staves
  1521 | D:2      | Reached skill level 1 in Ranged Weapons
  1521 | D:2      | Reached skill level 1 in Dodging
  1521 | D:2      | Reached skill level 1 in Shields
  1521 | D:2      | Reached skill level 1 in Unarmed Combat
  1521 | D:2      | Reached skill level 1 in Evocations
  1643 | D:2      | Reached XP level 4. HP: 32/32 MP: 6/8
  1854 | D:3      | Found a sacrificial altar of Ru.
  1990 | D:3      | Reached skill level 1 in Conjurations
  1990 | D:3      | Reached skill level 1 in Hexes
  1990 | D:3      | Reached skill level 1 in Summonings
  1990 | D:3      | Reached skill level 1 in Necromancy
  1990 | D:3      | Reached skill level 1 in Translocations
  1990 | D:3      | Reached skill level 1 in Transmutations
  1990 | D:3      | Reached skill level 1 in Ice Magic
  1990 | D:3      | Reached skill level 1 in Air Magic
  1990 | D:3      | Reached skill level 1 in Poison Magic
  2382 | D:3      | Reached XP level 5. HP: 37/37 MP: 0/9
  2652 | D:3      | Found a runed translucent door.
  2653 | D:3      | Noticed Crazy Yiuf
  2773 | D:4      | Noticed Blork the orc
  2928 | D:4      | Noticed Natasha
  3036 | D:4      | Learned a level 2 spell: Scorch
  3172 | D:4      | Noticed Dowan
  3172 | D:4      | Noticed Duvessa
  3282 | D:4      | Killed Natasha
  3283 | D:4      | Reached XP level 6. HP: 44/44 MP: 6/11
  3351 | D:5      | Entered Level 5 of the Dungeon
  3352 | D:5      | Noticed an ice beast
  3378 | D:5      | Killed an ice beast
  3513 | D:5      | Learned a level 3 spell: Stone Arrow
  3528 | D:5      | Reached XP level 7. HP: 51/51 MP: 6/12
  4168 | D:5      | Reached XP level 8. HP: 58/58 MP: 4/14
  5133 | D:5      | Upgraded the game from 0.30-a0-591-g3c58d2bc28 to
                  | 0.30-a0-595-g91969c0fa5
  6116 | D:6      | Noticed Pikel
  6132 | D:6      | Killed Pikel
  6133 | D:6      | Reached skill level 5 in Throwing
  6133 | D:6      | Reached skill level 5 in Armour
  6133 | D:6      | Reached skill level 5 in Spellcasting
  6133 | D:6      | Reached XP level 9. HP: 29/65 MP: 4/16
  6286 | D:6      | Learned a level 2 spell: Passwall
  6381 | D:6      | Reached skill level 5 in Stealth
  6736 | D:6      | Reached skill level 5 in Invocations
  6785 | D:6      | Learned a level 3 spell: Ignite Poison
  6830 | D:4      | Killed Duvessa
  6862 | D:4      | Killed Dowan
  6885 | D:4      | Noticed Natasha
  6889 | D:4      | Killed Natasha
  6908 | D:4      | Noticed Natasha
  6914 | D:4      | Killed Natasha
  6950 | D:4      | Killed Blork the orc
  7416 | D:3      | Killed Crazy Yiuf
  7954 | D:7      | Reached skill level 5 in Fighting
  7954 | D:7      | Reached skill level 5 in Short Blades
  7954 | D:7      | Reached skill level 5 in Long Blades
  7954 | D:7      | Reached skill level 5 in Axes
  7954 | D:7      | Reached skill level 5 in Maces & Flails
  7954 | D:7      | Reached skill level 5 in Polearms
  7954 | D:7      | Reached skill level 5 in Staves
  7954 | D:7      | Reached skill level 5 in Ranged Weapons
  7954 | D:7      | Reached skill level 5 in Dodging
  7954 | D:7      | Reached skill level 5 in Shields
  7954 | D:7      | Reached skill level 5 in Unarmed Combat
  7954 | D:7      | Reached skill level 5 in Evocations
  7955 | D:7      | Reached XP level 10. HP: 70/74 MP: 4/18
  8467 | D:7      | Found a staircase to the Ecumenical Temple.
  8484 | Temple   | Entered the Ecumenical Temple
  8524 | Temple   | Became a worshipper of Ashenzari the Shackled
  8819 | D:8      | Found a staircase to the Lair.
  9230 | D:8      | Noticed a two-headed ogre
  9234 | D:8      | Killed a two-headed ogre
  9753 | D:9      | Noticed Maurice
  9788 | D:9      | Killed Maurice
  9983 | D:9      | Paralysed by a hornet for 2 turns
 10138 | D:9      | Reached * piety under Ashenzari
 10256 | D:9      | Reached skill level 5 in Conjurations
 10256 | D:9      | Reached skill level 5 in Hexes
 10256 | D:9      | Reached skill level 5 in Summonings
 10256 | D:9      | Reached skill level 5 in Necromancy
 10256 | D:9      | Reached skill level 5 in Translocations
 10256 | D:9      | Reached skill level 5 in Transmutations
 10256 | D:9      | Reached skill level 5 in Ice Magic
 10256 | D:9      | Reached skill level 5 in Air Magic
 10256 | D:9      | Reached skill level 5 in Poison Magic
 10343 | D:9      | Reached XP level 11. HP: 81/81 MP: 12/21
 11032 | D:9      | Reached ** piety under Ashenzari
 11151 | D:10     | Entered Level 10 of the Dungeon
 11154 | D:10     | Noticed a two-headed ogre
 11158 | D:10     | Killed a two-headed ogre
 11236 | D:10     | Noticed a two-headed ogre
 11236 | D:10     | Noticed a two-headed ogre
 11256 | D:10     | Killed a two-headed ogre
 11337 | D:10     | Killed a two-headed ogre
 11419 | D:10     | Noticed an orange crystal statue
 11450 | D:10     | Noticed Sonja
 11452 | D:10     | Killed Sonja
 11603 | D:10     | Noticed a two-headed ogre
 11610 | D:10     | Killed a two-headed ogre
 12055 | D:10     | Identified the +0 leather armour of the Invisible Hand {rN+
                  | rCorr Dex+3}
 12306 | D:11     | Noticed a boulder beetle
 12312 | D:11     | Killed a boulder beetle
 12521 | D:11     | Noticed a centaur warrior
 12737 | D:11     | Reached XP level 12. HP: 91/91 MP: 23/23
 12876 | D:11     | Found a blossoming altar of Fedhas.
 13316 | D:11     | Noticed a two-headed ogre
 13320 | D:11     | Killed a two-headed ogre
 13751 | D:11     | Killed a centaur warrior
 13937 | D:12     | Noticed a boulder beetle
 13941 | D:12     | Killed a boulder beetle
 14098 | D:12     | Noticed a boulder beetle
 14101 | D:12     | Identified the ring "Zuckekue" {Fly rN+ Int-5 Dex+3}
 14104 | D:12     | Killed a boulder beetle
 14135 | D:12     | Found a sparkling altar of Nemelex Xobeh.
 14273 | D:12     | Found a runed translucent door.
 14276 | D:12     | Noticed AppleFox63's ghost (journeyman DEEE)
 14312 | D:12     | Found Jeute's Armour Emporium.
 14323 | D:12     | Found a staircase to the Orcish Mines.
 14699 | D:12     | Identified the +0 leather armour of the Shifting Gods
                  | {Contam rF+ Str+3}
 15147 | D:12     | Upgraded the game from 0.30-a0-595-g91969c0fa5 to
                  | 0.30-a0-618-gd6c86c23d0
 15457 | D:13     | Found a runed translucent door.
 15458 | D:13     | Found a shimmering altar of Xom.
 15458 | D:13     | Noticed Torious's ghost (journeyman DECj)
 15466 | D:13     | Reached *** piety under Ashenzari
 15524 | D:12     | Reached XP level 13. HP: 40/98 MP: 12/25
 15766 | Lair:1   | Entered Level 1 of the Lair of Beasts
 15827 | Lair:1   | Found a dark tunnel.
 15835 | Volcano  | Entered a volcano
 16801 | Lair:1   | Noticed Joseph
 16804 | Lair:1   | Killed Joseph
 16998 | Lair:1   | Reached **** piety under Ashenzari
 17521 | Lair:1   | Noticed Gastronok
 17527 | Lair:1   | Killed Gastronok
 18381 | Lair:2   | Found a hole to the Spider Nest.
 18678 | Lair:3   | Found a gate leading to a gauntlet.
 18687 | Gauntlet | Entered a Gauntlet
 18687 | Gauntlet | Found a transporter.
 18687 | Gauntlet | Found a runed translucent gate.
 18687 | Gauntlet | Found a runed translucent gate.
 18689 | Gauntlet | Found a runed translucent gate.
 18694 | Gauntlet | Found a transporter.
 18696 | Gauntlet | Found a transporter.
 18712 | Gauntlet | Found a transporter.
 18713 | Gauntlet | Found a transporter.
 18717 | Gauntlet | Found a runed translucent door.
 18721 | Gauntlet | Found a runed translucent door.
 18721 | Gauntlet | Identified the +0 helmet "Asia" {-Tele Dex+3}
 18724 | Gauntlet | Found a transporter.
 18738 | Gauntlet | Found a runed translucent door.
 18740 | Gauntlet | Found a transporter.
 18742 | Gauntlet | Found a runed translucent door.
 18750 | Gauntlet | Found a transporter.
 18751 | Gauntlet | Identified the +5 pair of boots of the Apothecary {Str+4
                  | Dex+2 Slay+3}
 18760 | Gauntlet | Found a transporter.
 18774 | Gauntlet | Found a transporter.
 18783 | Gauntlet | Found a transporter.
 18787 | Gauntlet | Found a transporter.
 18913 | Gauntlet | Found a transporter.
 19215 | Gauntlet | Noticed a minotaur
 19224 | Gauntlet | Killed a minotaur
 19231 | Gauntlet | Identified the Directory of the Fairies and Creation
 19277 | Lair:3   | Found a staircase to the Shoals.
 19284 | Lair:3   | Noticed Amaemon
 19291 | Lair:3   | Killed Amaemon
 19292 | Lair:3   | Reached XP level 14. HP: 108/108 MP: 21/27
 19294 | Lair:3   | Reached skill level 10 in Invocations
 19449 | Lair:3   | Noticed Fannar
 19453 | Lair:3   | Killed Fannar
 19553 | Lair:3   | Learned a level 4 spell: Manifold Assault
 19558 | Lair:3   | Learned a level 4 spell: Airstrike
 20309 | Lair:3   | Reached skill level 10 in Spellcasting
 20679 | Lair:4   | Reached skill level 10 in Throwing
 20679 | Lair:4   | Reached skill level 10 in Armour
 20890 | Lair:4   | Reached skill level 10 in Stealth
 20893 | Lair:4   | Reached ***** piety under Ashenzari
 21371 | Lair:5   | Entered Level 5 of the Lair of Beasts
 21432 | Lair:5   | Found a viscous altar of Jiyva.
 21448 | Lair:5   | Found a staircase to the Slime Pits.
 21505 | Lair:5   | Reached skill level 10 in Fire Magic
 21505 | Lair:5   | Reached skill level 10 in Earth Magic
 21788 | Lair:5   | Reached skill level 10 in Fighting
 21788 | Lair:5   | Reached skill level 10 in Short Blades
 21788 | Lair:5   | Reached skill level 10 in Long Blades
 21788 | Lair:5   | Reached skill level 10 in Axes
 21788 | Lair:5   | Reached skill level 10 in Maces & Flails
 21788 | Lair:5   | Reached skill level 10 in Polearms
 21788 | Lair:5   | Reached skill level 10 in Staves
 21788 | Lair:5   | Reached skill level 10 in Ranged Weapons
 21788 | Lair:5   | Reached skill level 10 in Dodging
 21788 | Lair:5   | Reached skill level 10 in Shields
 21788 | Lair:5   | Reached skill level 10 in Unarmed Combat
 21788 | Lair:5   | Reached skill level 10 in Evocations
 21930 | Lair:5   | Reached XP level 15. HP: 124/124 MP: 32/32
 22964 | Lair:5   | Paralysed by a hornet for 1 turns
 23074 | Lair:5   | Learned a level 3 spell: Mephitic Cloud
 23077 | Lair:5   | Learned a level 2 spell: Poisonous Vapours
 23128 | Lair:5   | Upgraded the game from 0.30-a0-618-gd6c86c23d0 to
                  | 0.30-a0-622-gddc90eaa04
 23198 | Lair:5   | Identified the +10 morningstar of the Briny Deep {pain, rC+
                  | Int-5 SInv}
 23504 | Orc:1    | Entered Level 1 of the Orcish Mines
 24070 | Orc:2    | Entered Level 2 of the Orcish Mines
 24318 | Orc:2    | Noticed an orc warlord
 24332 | Orc:2    | Killed an orc warlord
 24493 | Orc:2    | Found Ocae's General Store.
 24530 | Orc:2    | Found Sooresk's Antique Armour Shoppe.
 24622 | Orc:2    | Found Kozeh's Book Shoppe.
 24653 | Orc:2    | Found a staircase to the Elven Halls.
 24791 | Orc:2    | Bought the +2 shield of Resistance {rF++ rC++ Will++} for
                  | 2326 gold pieces
 24791 | Orc:2    | Found the +2 shield of Resistance {rF++ rC++ Will++}
 24847 | Orc:2    | Found Wapnileasu's Antique Weapon Shoppe.
 25410 | Orc:1    | Found Enetodwemo's CLEARANCE SALE!.
 26060 | D:12     | Noticed a frost giant
 26205 | D:12     | Killed a frost giant
 26313 | D:12     | Learned a level 4 spell: Animate Armour
 26323 | D:12     | Killed AppleFox63's ghost
 26449 | D:13     | Reached XP level 16. HP: 118/132 MP: 34/34
 26957 | D:13     | Identified the Book of the Throng and Oxidation
 26988 | D:13     | Identified the Quarto of Gathered Glaciation
 27341 | D:13     | Learned a level 4 spell: Summon Lightning Spire
 27349 | D:13     | Killed Torious's ghost
 27449 | D:14     | Found a shimmering altar of Xom.
 27454 | D:14     | Found a glowing golden altar of the Shining One.
 27454 | D:14     | Found a shimmering blue altar of Sif Muna.
 27456 | D:14     | Found a bloodstained altar of Trog.
 27456 | D:14     | Found an opulent altar of Gozag.
 27456 | D:14     | Found a burning altar of Makhleb.
 28341 | D:14     | Found a gate to the Vaults.
 28436 | D:14     | Found an iron altar of Okawaru.
 28492 | D:14     | Upgraded the game from 0.30-a0-622-gddc90eaa04 to
                  | 0.30-a0-626-gd6a5dd7a1f
 28653 | Spider:1 | Entered Level 1 of the Spider Nest
 29797 | Spider:2 | Reached XP level 17. HP: 138/144 MP: 37/37
 29891 | Spider:2 | Reached skill level 10 in Conjurations
 29891 | Spider:2 | Reached skill level 10 in Hexes
 29891 | Spider:2 | Reached skill level 10 in Summonings
 29891 | Spider:2 | Reached skill level 10 in Necromancy
 29891 | Spider:2 | Reached skill level 10 in Translocations
 29891 | Spider:2 | Reached skill level 10 in Transmutations
 29891 | Spider:2 | Reached skill level 10 in Ice Magic
 29891 | Spider:2 | Reached skill level 10 in Air Magic
 29891 | Spider:2 | Reached skill level 10 in Poison Magic
 30272 | Spider:2 | Learned a level 6 spell: Statue Form
 31328 | Spider:3 | Noticed Kirke
 31335 | Spider:3 | Killed Kirke
 31738 | Spider:3 | Noticed Agnes
 31742 | Spider:3 | Killed Agnes
 32058 | Spider:4 | Entered Level 4 of the Spider Nest
 32854 | Spider:4 | Reached XP level 18. HP: 154/154 MP: 23/39
 32933 | Spider:4 | Identified the +2 robe of the Original Sin {+Inv rC+ Regen+
                  | Int+2}
 33299 | Spider:4 | Identified the +2 pair of gloves of an ice cave {+Inv rF-
                  | Regen+ Int+3}
 33331 | Spider:4 | Got a gossamer rune of Zot
 33544 | Shoals:1 | Entered Level 1 of the Shoals
 34312 | Shoals:2 | Identified the ring of the Fool {rPois Will+ SInv}
 34334 | Shoals:2 | Found Eghaefof's Distillery.
 35126 | Shoals:2 | Learned a level 2 spell: Blink
 35463 | Shoals:3 | Identified the +8 chain mail of Wuexiwud {rC+}
 35609 | Shoals:3 | Noticed Donald
 35614 | Shoals:3 | Killed Donald
 35651 | Shoals:3 | Found a corrupted altar of Lugonu.
 35731 | Shoals:3 | Found a one-way gate to the infinite horrors of the Abyss.
 35917 | Shoals:3 | Identified the +9 chain mail of Autumn {rF+ Str+6}
 35992 | Shoals:3 | Reached XP level 19. HP: 161/161 MP: 35/40
 36245 | Shoals:4 | Entered Level 4 of the Shoals
 36341 | Shoals:4 | Found the +3 pair of seven-league boots {Rampage+∞}
 36496 | Shoals:4 | Found Joogyss's Weapon Boutique.
 36739 | Shoals:4 | Noticed Aizul
 36751 | Shoals:4 | Killed Aizul
 36827 | Shoals:4 | Identified Roxanne's Grimoire of Composition
 36827 | Shoals:4 | Noticed Roxanne
 36861 | Shoals:4 | Killed Roxanne
 36862 | Shoals:4 | Noticed Polyphemus
 36868 | Shoals:4 | Killed Polyphemus
 37106 | Shoals:4 | Got a barnacled rune of Zot
 37663 | Vaults:1 | Entered Level 1 of the Vaults
 38229 | Vaults:1 | Reached skill level 15 in Invocations
 38547 | Vaults:1 | Reached XP level 20. HP: 147/171 MP: 31/42
 38592 | Vaults:1 | Found Etaetrig's Assorted Antiques.
 38694 | Vaults:2 | Noticed Bai Suzhen
 38719 | Vaults:2 | Killed Bai Suzhen
 39424 | Vaults:2 | Noticed Sojobo
 39433 | Vaults:2 | Paralysed by an air elemental for 1 turns
 39434 | Vaults:2 | Killed Sojobo
 41542 | Vaults:3 | Reached XP level 21. HP: 180/180 MP: 41/44
 41896 | Vaults:4 | Reached skill level 15 in Spellcasting
 42066 | Vaults:4 | Reached skill level 15 in Throwing
 42066 | Vaults:4 | Reached skill level 15 in Armour
 42106 | Vaults:4 | Reached skill level 15 in Stealth
 42175 | Vaults:4 | Found Tarar's Assorted Antiques.
 42397 | Vaults:4 | Found a radiant altar of Vehumet.
 42397 | Vaults:4 | Identified the +2 hat of Vikiukaf {Dex+6}
 42397 | Vaults:4 | Identified the +1 hat of Uczokiloe {rElec Slay+2}
 42434 | Vaults:4 | Identified the +0 robe of the Unbroken {Int+4}
 42919 | Vaults:5 | Entered Level 5 of the Vaults
 42924 | Vaults:5 | Identified the +9 sling of Conflict {heavy, Fly rC+ Int-2
                  | SInv}
 42926 | Vaults:5 | Noticed a golden dragon
 42966 | Vaults:5 | Killed a golden dragon
 42967 | Vaults:5 | Reached skill level 15 in Fighting
 42967 | Vaults:5 | Reached skill level 15 in Short Blades
 42967 | Vaults:5 | Reached skill level 15 in Long Blades
 42967 | Vaults:5 | Reached skill level 15 in Axes
 42967 | Vaults:5 | Reached skill level 15 in Maces & Flails
 42967 | Vaults:5 | Reached skill level 15 in Polearms
 42967 | Vaults:5 | Reached skill level 15 in Staves
 42967 | Vaults:5 | Reached skill level 15 in Ranged Weapons
 42967 | Vaults:5 | Reached skill level 15 in Dodging
 42967 | Vaults:5 | Reached skill level 15 in Shields
 42967 | Vaults:5 | Reached skill level 15 in Unarmed Combat
 42967 | Vaults:5 | Reached skill level 15 in Evocations
 43370 | Vaults:5 | Reached XP level 22. HP: 148/189 MP: 32/45
 43379 | Vaults:5 | Identified the +12 glaive of Understanding {drain, *Slow
                  | rC++}
 43703 | Vaults:5 | Noticed an ancient lich
 44519 | Vaults:5 | Noticed a dread lich
 44538 | Vaults:5 | Killed a dread lich
 44651 | Vaults:5 | Killed an ancient lich
 44713 | Vaults:5 | Got a silver rune of Zot
 45057 | D:14     | Learned a level 6 spell: Iron Shot
 45065 | D:14     | Learned a level 7 spell: Spellforged Servitor
 45092 | D:15     | Entered Level 15 of the Dungeon
 45177 | D:15     | Found a staircase to the Depths.
 46157 | Elf:1    | Entered Level 1 of the Elven Halls
 46157 | Elf:1    | Found Viawk's Assorted Antiques.
 46854 | Elf:1    | Identified the +0 cloak "Kaeco" {rPois Int+8}
 46896 | Elf:1    | Learned a level 8 spell: Lehudib's Crystal Spear
 46918 | Elf:1    | Identified the +1 leather armour of Sunlight {Fly rPois rC+
                  | Dex+2}
 47369 | Elf:2    | Reached XP level 23. HP: 194/197 MP: 47/47
 47482 | Elf:2    | Found a radiant altar of Vehumet.
 47555 | Elf:2    | Paralysed by an air elemental for 1 turns
 47560 | Elf:2    | Paralysed by an air elemental for 1 turns
 47825 | Elf:2    | Found a huge runed translucent gate.
 47827 | Elf:2    | Found a huge runed translucent gate.
 47832 | Elf:2    | Found a huge runed translucent gate.
 47833 | Elf:2    | Found a huge runed translucent gate.
 47833 | Elf:2    | Found a huge runed translucent gate.
 48601 | Elf:3    | Entered Level 3 of the Elven Halls
 49355 | Elf:3    | Found Ujaun's Antique Weapon Shoppe.
 49685 | Elf:3    | Identified the +9 morningstar "Grim Tooth" {heavy, Str+3}
 49886 | Elf:3    | Identified the +2 mace of Duty {venom, rPois rF- rN+ Str+3}
 49905 | Elf:3    | Reached ****** piety under Ashenzari
 49933 | Elf:3    | Identified the +5 ring mail "Otiumicu" {rN+ Will- rCorr
                  | SInv}
 49958 | Elf:3    | Learned a level 2 spell: Sublimation of Blood
 49964 | Elf:3    | Learned a level 5 spell: Borgnjor's Vile Clutch
 49988 | Elf:3    | Identified the +8 flail of the Kissing Gods {holy, rPois}
 49988 | Elf:3    | Identified the ring of Rifem {rPois Str+2 SInv}
 50020 | Elf:3    | Identified the Handbook of Corruption and the Entourage
 50038 | Elf:3    | Identified the ring "Xauwn" {Int+6 Slay+6}
 50217 | Orc:1    | Bought Askyh's Codex of Lofty Flames for 230 gold pieces
 50268 | Orc:2    | Bought a book of Death for 660 gold pieces
 50399 | Depths:1 | Entered Level 1 of the Depths
 50471 | Depths:1 | Reached skill level 15 in Fire Magic
 50471 | Depths:1 | Reached skill level 15 in Earth Magic
 50676 | Depths:1 | Found a shadowy altar of Dithmenos.
 50699 | Depths:1 | Found a gateway to Hell.
 50998 | Depths:1 | Reached XP level 24. HP: 212/212 MP: 29/49
 51203 | Depths:2 | Found Iveqes's Antique Weapon Shoppe.
 51203 | Depths:2 | Found Cedwoa's Jewellery Emporium.
 51482 | Depths:2 | Identified the +8 short sword "Xowka" {drain, rPois Str+4}
 52202 | Depths:2 | Found a one-way gate leading to the halls of Pandemonium.
 52816 | Depths:3 | Noticed Frederick
 52821 | Depths:3 | Killed Frederick
 52876 | Depths:3 | Reached skill level 15 in Summonings
 53418 | Depths:3 | Found a corrupted altar of Lugonu.
 53894 | Depths:4 | Entered Level 4 of the Depths
 54037 | Depths:4 | Identified the +3 rapier of Valour {pain, Fragile rN+++}
 54101 | Depths:4 | Reached XP level 25. HP: 206/221 MP: 44/50
 54163 | Depths:4 | Found a gate to the Realm of Zot.
 54205 | Depths:4 | Found a one-way gateway to a ziggurat.
 54252 | Depths:4 | Found Junk's Book Emporium.
 54258 | Depths:4 | Bought Great Wizards, Vol. VII for 630 gold pieces
 54361 | Depths:4 | Noticed Margery
 54367 | Depths:4 | Killed Margery
 54433 | Depths:4 | Noticed Louise
 54437 | Depths:4 | Killed Louise
 54812 | Zot:1    | Entered Level 1 of the Realm of Zot
 55411 | Zot:1    | Reached skill level 15 in Conjurations
 55411 | Zot:1    | Reached skill level 15 in Hexes
 55411 | Zot:1    | Reached skill level 15 in Necromancy
 55411 | Zot:1    | Reached skill level 15 in Translocations
 55411 | Zot:1    | Reached skill level 15 in Transmutations
 55411 | Zot:1    | Reached skill level 15 in Ice Magic
 55411 | Zot:1    | Reached skill level 15 in Air Magic
 55411 | Zot:1    | Reached skill level 15 in Poison Magic
 57298 | Zot:3    | Reached XP level 26. HP: 225/229 MP: 25/51
 57371 | Zot:3    | Noticed an orb of fire
 57389 | Zot:3    | Killed an orb of fire
 58615 | Zot:4    | Found a transporter.
 58615 | Zot:4    | Found a transporter.
 58678 | Zot:4    | Found a transporter.
 58718 | Zot:4    | Found a transporter.
 58828 | Zot:4    | Found a transporter.
 58831 | Zot:4    | Found a transporter.
 58973 | Zot:5    | Entered Level 5 of the Realm of Zot
 59499 | Zot:5    | Noticed an ancient lich
 59503 | Zot:5    | Noticed an ancient lich
 59507 | Zot:5    | Killed an ancient lich
 59512 | Zot:5    | Killed an ancient lich
 59615 | Zot:5    | Noticed an ancient lich
 59626 | Zot:5    | Killed an ancient lich
 59736 | Zot:5    | Noticed a dread lich
 59748 | Zot:5    | Killed a dread lich
 59759 | Zot:5    | Noticed an orb of fire
 59760 | Zot:5    | Noticed a Killer Klown
 59762 | Zot:5    | Gained mutation: You have hidden genetic defects. [an orb
                  | of fire]
 59766 | Zot:5    | Gained mutation: You are frail. (-10% HP) [an orb of fire]
 59767 | Zot:5    | Killed an orb of fire
 59767 | Zot:5    | Noticed a Killer Klown
 59768 | Zot:5    | Killed a Killer Klown
 59776 | Zot:5    | Lost mutation: You have hidden genetic defects. [potion of
                  | mutation]
 59776 | Zot:5    | Lost mutation: You are frail. (-10% HP) [potion of
                  | mutation]
 59776 | Zot:5    | Gained mutation: Your mind is acute. (Int +4, Str/Dex -1)
                  | [potion of mutation]
 59776 | Zot:5    | Gained mutation: You are occasionally teleported next to
                  | monsters. [potion of mutation]
 59776 | Zot:5    | Gained mutation: You have sharp toenails. [potion of
                  | mutation]
 59778 | Zot:5    | Killed a Killer Klown
 59779 | Zot:5    | Noticed an ancient lich
 59789 | Zot:5    | Killed an ancient lich
 59835 | Zot:5    | Noticed an ancient lich
 59848 | Zot:5    | Killed an ancient lich
 60078 | Zot:5    | Noticed an orb of fire
 60083 | Zot:5    | Noticed an ancient lich
 60086 | Zot:5    | Gained mutation: You occasionally lose the ability to read
                  | scrolls when taking damage. [an orb of fire]
 60088 | Zot:5    | Killed an orb of fire
 60089 | Zot:5    | Reached XP level 27. HP: 240/240 MP: 18/51
 60091 | Zot:5    | Killed an ancient lich
 60109 | Zot:5    | Lost mutation: You occasionally lose the ability to read
                  | scrolls when taking damage. [potion of mutation]
 60109 | Zot:5    | Lost mutation: Your mind is acute. (Int +4, Str/Dex -1)
                  | [potion of mutation]
 60109 | Zot:5    | Lost mutation: You are occasionally teleported next to
                  | monsters. [potion of mutation]
 60109 | Zot:5    | Gained mutation: Your muscles are strong. (Str +4, Int/Dex
                  | -1) [potion of mutation]
 60185 | Zot:5    | Got the Orb of Zot
 60230 | Zot:5    | Noticed a dread lich
 60236 | Zot:5    | Killed a dread lich
 60495 | D:14     | Noticed Emaadygh the pandemonium lord
 60502 | D:14     | Killed Emaadygh the pandemonium lord
 60758 | D:$      | Escaped with the Orb!

Illustrated notes

Levels and vault maps discovered:
D:1:      spicycebolla_green_bress_n_ham, layout_loops_ring
D:2:      layout_rooms, basic_ecumenical_altar, hangedman_decor_points,
          minmay_tetromino_i4
D:3:      layout_rooms, nicolae_ru_awakened_eye, minmay_pentomino_pile,
          uniq_crazy_yiuf_cottage
D:4:      layout_basic, uniq_duvessa, uniq_natasha, uniq_blork_the_orc
D:5:      layout_layer_cave, serial_bayou, serial_bayou_pond_c,
          serial_bayou_lagoon_b, serial_bayou_pond_e, serial_bayou_ford_a,
          serial_bayou_pond_a
D:6:      layout_gridville, uniq_pikel
D:7:      layout_basic, minmay_temple_entry_mini_moons, minmay_circle_x
D:8:      layout_cave_pools, lair_entry_dummy
D:9:      layout_irregular_city, hangedman_decor_slide_cut, uniq_maurice
D:10:     minmay_separated_statues, layout_basic, grunt_ministairs_6,
          roderic_lattice_a, uniq_sonja
D:11:     kb_forest_paths, layout_basic, fedhas_altar_fruit_tree
D:12:     minmay_twisted_water, layout_basic, orc_0_dummy, serial_shops,
          nicolae_shop_trees, ebering_ghost_inner_flame,
          nemelex_xobeh_ov_fountains_minmay
D:13:     minmay_the_grid_plus [minmay_the_grid_medium_cups,
          minmay_the_grid_paths, minmay_the_grid_empty,
          minmay_the_grid_stretched_grid,
          minmay_the_grid_prize_four_corners_diamond_a], layout_cave_pools,
          ebering_ghost_xom
D:14:     layout_basic, erik_vaults_1, okawaru_trees_2, doesnt_xom_only_xom
D:15:     grunt_enter_depths_giant_problem, layout_loops_corners, minivault_11,
          amcnicky_mini_corridor_feature
Temple:   regret_index_temple_sigil_plot
Lair:1:   layout_layer_cave, enter_volcano_4, uniq_gastronok, uniq_joseph
Lair:2:   layout_misc_corridors, nicolae_spider_entry_orb_guardian
Lair:3:   slaughterhouse, layout_regular_city, minmay_shoals_entry_centaurs,
          gauntlet_entry_generic, uniq_amaemon, uniq_fannar
Lair:4:   layout_loops_ring
Lair:5:   minmay_lair_end_enchanted_forest, layout_cave_pods, slime_entry_1
Shoals:1: layout_shoals, nicolae_shoals_lost_giant_temple
Shoals:2: layout_shoals, serial_shops, nicolae_diamond_shop
Shoals:3: layout_shoals, nicolae_shoals_cliffside_cave,
          amcnicky_altar_lugonu_corruption, uniq_donald
Shoals:4: shoals_end_grunt_ice, layout_shoals, serial_shops,
          nicolae_diamond_shop, uniq_polyphemus, uniq_roxanne, uniq_aizul
Spider:1: nicolae_spider_hilbert_zone_2 [nicolae_spider_hilbert_4_sides_1_open,
          nicolae_spider_hilbert_4_sides_1_open,
          nicolae_spider_hilbert_4_sides_1_open,
          nicolae_spider_hilbert_4_sides_1_open,
          nicolae_spider_hilbert_6_sides_1_open,
          nicolae_spider_hilbert_6_sides_1_open,
          nicolae_spider_hilbert_3_sides_1_open,
          nicolae_spider_hilbert_3_sides_1_open,
          nicolae_spider_hilbert_3_sides_1_open,
          nicolae_spider_hilbert_3_sides_1_open,
          nicolae_spider_hilbert_6_sides_1_open,
          nicolae_spider_hilbert_6_sides_1_open,
          nicolae_spider_hilbert_6_sides_1_open,
          nicolae_spider_hilbert_6_sides_1_open]
Spider:2: layout_spider_delve, spiders_nest_hornet_nest
Spider:3: layout_spider_delve, nicolae_orb_island, uniq_agnes, uniq_kirke
Spider:4: grunt_spider_rune_circles, drop_trap
Orc:1:    layout_diamond_mine, nicolae_shop_clearance
Orc:2:    grunt_orc_cross, layout_caves
Elf:1:    layout_geoelf_diagonals, serial_shops, shop, hangedman_elf_disciples,
          kennysheep_underground_church
Elf:2:    elven_hall_of_blades_hangedman_alternative
          [nicolae_vaults_blade_armed_guards], layout_geoelf_grid, basic_altar,
          special_room [special_room_orc]
Elf:3:    minmay_elf_hall_not_hex, layout_geoelf_castle, serial_shops,
          nicolae_lakefront_shop
Vaults:1: v_misc_30, v_misc_1, grunt_vaults_trifunnel, v_pattern_1, v_rooms_5,
          vaults_dpeg_doors, nicolae_vaults_an_arrangement,
          ontoclasm_vaults_idyll, vaults_mumra_minichess,
          ontoclasm_vaults_fault, nicolae_vaults_asterisk,
          vaults_room_stairs_pillars, layout_vaults_maze_snakey, serial_shops,
          shop
Vaults:2: vaults_room_ringed_pool, hangedman_vaults_cutoff,
          nicolae_vaults_specimen_jars, sword_in_stone, v_pattern_5, v_misc_27,
          grunt_vaults_hallway_long, nicolae_vaults_little_ls,
          grunt_vaults_hallway_short, v_rooms_2, layout_vaults_omnigrid,
          uniq_bai_suzhen
Vaults:3: v_alt_pattern_2, minmay_crypt_entry_skeletal_spiral,
          hangedman_vaults_maws, vaults_dpeg_diagonal, v_misc_30,
          hangedman_vaults_variations, nicolae_vaults_little_squares_5,
          vaults_room_fours, v_misc_22, nicolae_vaults_circle_grid_a, v_misc_8,
          hangedman_vaults_stagger, hangedman_vaults_corner_blocks,
          v_alt_pattern_3, ontoclasm_vaults_pinch, vaults_dpeg_emergency_exit,
          nicolae_vaults_shelves_hall, layout_vaults_omnicross
Vaults:4: v_misc_23, v_misc_25, nicolae_vaults_ring_of_whatevers,
          grunt_tower_of_power, ontoclasm_vaults_ring_square,
          hangedman_vaults_nails, v_misc_10, v_misc_16, v_alt_pattern_6,
          v_misc_4, hangedman_vaults_capsules, nicolae_vaults_little_squares_4,
          v_misc_15, v_misc_19, ontoclasm_vaults_decontamination,
          layout_vaults_ring, serial_shops, nicolae_shop_overgrown_old_shop
Vaults:5: serial_shops
Depths:1: layout_cave_pools, pf_coc_iceberg, grunt_decor_clamped, st_stairs_3,
          grunt_dithmenos_smoke_and_mirrors
Depths:2: minmay_bubble_buster, layout_honeycomb, abyss_entry_crystal,
          rand_demon_pan_entry_3, hell_entry, minmay_shoptagon
Depths:3: minmay_swirls_squares, layout_gridlike, abyss_entry_flame_altar,
          hell_entry, grunt_pan_entry_spiral, uniq_frederick
Depths:4: grunt_zot_entry_alcove, layout_cave_shapes, enter_ziggurat_d,
          nicolae_abyss_entry_one_way_or_another, serial_shops,
          nicolae_shop_crystal, minmay_misc_feat_plants,
          pf_hell_entry_tar_river, serial_bayou_shore_b, uniq_margery
Zot:1:    layout_basic, grunt_megastairs_4
Zot:2:    nicolae_zot_stationary_front, layout_misc_corridors
Zot:3:    layout_basic
Zot:4:    layout_onion_interference, serial_nicolae_subway,
          nicolae_sub_station_stone, nicolae_sub_station_metal,
          nicolae_sub_station_crystal
Zot:5:    layout_cathedral_of_symmetry

Skill      XL: |  1  2  3  4  5  6  7  8  9 10 11 12 13 14 15 16 17 18 19 20 21 22 23 24 25 26 27 |
---------------+----------------------------------------------------------------------------------+-----
Invocations    | 1 2 3 4 5 6 7 8 9 10 11 12 13 14 15 16 17 18 19 20 | 20.2
Fighting       | 1 2 3 4 5 6 7 8 9 10 11 12 13 14 15 16 17 18 | 18.7
Short Blades   | 1 2 3 4 5 6 7 8 9 10 11 12 13 14 15 16 17 18 | 18.7
Long Blades    | 1 2 3 4 5 6 7 8 9 10 11 12 13 14 15 16 17 18 | 18.7
Axes           | 1 2 3 4 5 6 7 8 9 10 11 12 13 14 15 16 17 18 | 18.7
Maces & Flails | 1 2 3 4 5 6 7 8 9 10 11 12 13 14 15 16 17 18 | 18.7
Polearms       | 1 2 3 4 5 6 7 8 9 10 11 12 13 14 15 16 17 18 | 18.7
Staves         | 1 2 3 4 5 6 7 8 9 10 11 12 13 14 15 16 17 18 | 18.7
Ranged Weapons | 1 2 3 4 5 6 7 8 9 10 11 12 13 14 15 16 17 18 | 18.7
Dodging        | 1 2 3 4 5 6 7 8 9 10 11 12 13 14 15 16 17 18 | 18.7
Shields        | 1 2 3 4 5 6 7 8 9 10 11 12 13 14 15 16 17 18 | 18.7
Unarmed Combat | 1 2 3 4 5 6 7 8 9 10 11 12 13 14 15 16 17 18 | 18.7
Evocations     | 1 2 3 4 5 6 7 8 9 10 11 12 13 14 15 16 17 18 | 18.7
Spellcasting   | 3 4 5 6 7 8 9 10 11 12 13 14 15 16 17 18 | 18.9
Conjurations   | 1 2 3 4 5 6 7 8 9 10 11 12 13 14 15 16 | 16.0
Hexes          | 1 2 3 4 5 6 7 8 9 10 11 12 13 14 15 16 | 16.0
Summonings     | 1 2 3 4 5 6 7 8 9 10 11 12 13 14 15 16 17 | 17.7
Necromancy     | 1 2 3 4 5 6 7 8 9 10 11 12 13 14 15 16 | 16.0
Translocations | 1 2 3 4 5 6 7 8 9 10 11 12 13 14 15 16 | 16.0
Transmutations | 1 2 3 4 5 6 7 8 9 10 11 12 13 14 15 16 | 16.0
Ice Magic      | 1 2 3 4 5 6 7 8 9 10 11 12 13 14 15 16 | 16.0
Air Magic      | 1 2 3 4 5 6 7 8 9 10 11 12 13 14 15 16 | 16.0
Poison Magic   | 1 2 3 4 5 6 7 8 9 10 11 12 13 14 15 16 | 16.0
Throwing       | 3 4 5 6 7 8 9 10 11 12 13 14 15 16 18 19 20 | 20.8
Armour         | 3 4 5 6 7 8 9 10 11 12 13 14 15 16 17 18 | 18.9
Stealth        | 3 4 5 6 7 8 9 10 11 12 13 14 15 16 17 18 | 18.9
Fire Magic     | 6 7 8 9 10 11 12 13 14 15 16 | 16.8
Earth Magic    | 6 7 8 9 10 11 12 13 14 15 16 | 16.8

Action                   |  1- 3 |  4- 6 |  7- 9 | 10-12 | 13-15 | 16-18 | 19-21 | 22-24 | 25-27 || total
-------------------------+-------+-------+-------+-------+-------+-------+-------+-------+-------++-------
Melee: Dagger            |     1 |       |       |       |       |       |       |       |       ||     1
       Short sword       |       |    19 |     8 |       |       |       |       |       |       ||    27
       Bite              |       |     1 |     4 |    15 |    63 |    44 |    68 |    76 |    43 ||   314
       Trident           |       |       |    67 |    55 |       |       |       |       |       ||   122
       Punch             |       |       |     3 |     4 |       |       |       |       |       ||     7
       Broad axe         |       |       |       |    57 |   535 |   316 |   423 |   345 |       ||  1676
       Scimitar          |       |       |       |       |     7 |       |       |       |       ||     7
       Demon whip        |       |       |       |       |       |    14 |       |       |       ||    14
       Morningstar       |       |       |       |       |       |       |       |   161 |   216 ||   377
 Fire: Sling             |       |       |       |       |    75 |    48 |       |     5 |       ||   128
Throw: Boomerang         |       |     1 |       |     7 |   186 |     2 |    19 |    16 |     4 ||   235
       Dart              |       |       |    31 |    99 |    31 |     9 |       |     1 |     1 ||   172
 Cast: Foxfire           |    59 |    55 |   127 |   186 |    32 |     1 |       |       |       ||   460
       Sandblast         |       |    12 |     1 |     1 |     5 |       |     1 |       |       ||    20
       Scorch            |       |     2 |    54 |    90 |    13 |    16 |     1 |     2 |       ||   178
       Stone Arrow       |       |       |     2 |     1 |    23 |       |       |       |       ||    26
       Ignite Poison     |       |       |     2 |    40 |    61 |   182 |   205 |   198 |    30 ||   718
       Manifold Assault  |       |       |       |       |    15 |     3 |    11 |    10 |     3 ||    42
       Poisonous Vapours |       |       |       |       |    71 |   298 |   312 |   274 |    42 ||   997
       Mephitic Cloud    |       |       |       |       |    14 |     4 |    16 |    28 |     3 ||    65
       Airstrike         |       |       |       |       |     5 |     7 |     3 |    28 |    11 ||    54
       Animate Armour    |       |       |       |       |     2 |    36 |    14 |    22 |       ||    74
       Summon Lightning  |       |       |       |       |       |    43 |    37 |    27 |    39 ||   146
       Statue Form       |       |       |       |       |       |       |     1 |       |       ||     1
       Spellforged Servi |       |       |       |       |       |       |       |    40 |    65 ||   105
       Borgnjor's Vile C |       |       |       |       |       |       |       |    48 |   120 ||   168
       Lehudib's Crystal |       |       |       |       |       |       |       |     1 |     9 ||    10
       Iron Shot         |       |       |       |       |       |       |       |       |    31 ||    31
Invok: Curse Item        |       |       |       |     5 |     7 |     4 |     2 |     4 |       ||    22
       Shatter the Chain |       |       |       |       |     6 |     3 |     1 |     2 |       ||    12
Evoke: Wand              |       |       |       |    17 |    15 |     2 |     1 |     4 |     1 ||    40
       Phantom mirror    |       |       |       |       |     3 |       |     1 |     1 |       ||     5
       Phial of floods   |       |       |       |       |     2 |       |     1 |     1 |       ||     4
       Condenser vane    |       |       |       |       |       |     2 |       |       |       ||     2
       Box of beasts     |       |       |       |       |       |     1 |     4 |     2 |       ||     7
       Lightning rod     |       |       |       |       |       |       |       |     1 |       ||     1
  Use: Scroll            |       |     8 |     7 |     5 |     3 |     7 |     6 |    15 |     3 ||    54
       Potion            |       |     2 |     5 |       |     5 |     7 |     6 |       |     7 ||    32
 Stab: Distracted        |       |     1 |       |     2 |    14 |    10 |     7 |    11 |     9 ||    54
       Sleeping          |       |       |       |     1 |     4 |     2 |     4 |     6 |     2 ||    19
       Confused          |       |       |       |       |     4 |       |     3 |     3 |       ||    10
Armor: Robe              |     2 |     7 |    37 |     7 |       |       |       |       |       ||    53
       Steam dragon scal |       |       |       |    36 |    83 |       |       |       |       ||   119
       Chain mail        |       |       |       |       |    47 |   199 |   211 |   162 |   119 ||   738
       Skin              |       |       |       |       |       |       |    40 |       |       ||    40
Dodge: Dodged            |     2 |    21 |   102 |    84 |   202 |   200 |   290 |   198 |   161 ||  1260
Block: Kite shield       |       |       |       |    41 |   204 |   288 |   397 |   287 |   203 ||  1420

Table legend: (Time is in decaauts)
 A = Elapsed time spent in this place.
 B = Non-inter-level travel time spent in this place.
 C = Inter-level travel time spent in this place.
 D = Time resting spent in this place.
 E = Time spent auto-exploring this place.
 F = Levels seen in this place.
 G = Mean time per level.
                   A        B        C        D        E       F      G
               +--------+--------+--------+--------+--------+-----+--------+
         Total |  61180 |  56566 |   4614 |   6912 |  33514 |  50 | 1223.6 |
       Dungeon |  20947 |  18567 |   2380 |   3531 |   9944 |  15 | 1396.5 |
        Temple |     55 |     41 |     14 |      0 |     27 |   1 |   55.0 |
          Lair |   6277 |   5846 |    431 |    475 |   3474 |   5 | 1255.4 |
        Shoals |   4326 |   4153 |    173 |    215 |   2935 |   4 | 1081.5 |
   Spider Nest |   4842 |   4577 |    265 |    958 |   2478 |   4 | 1210.5 |
  Orcish Mines |   1752 |   1434 |    318 |    201 |    814 |   2 |  876.0 |
   Elven Halls |   3984 |   3730 |    254 |    134 |   2524 |   3 | 1328.0 |
        Vaults |   7406 |   7093 |    313 |    333 |   4691 |   5 | 1481.2 |
        Depths |   4501 |   4222 |    279 |      4 |   3191 |   4 | 1125.2 |
           Zot |   5574 |   5390 |    184 |    522 |   3172 |   5 | 1114.8 |
       Volcano |    949 |    949 |      0 |    363 |    263 |   1 |  949.0 |
      Gauntlet |    562 |    562 |      0 |    176 |      0 |   1 |  562.0 |
               +--------+--------+--------+--------+--------+-----+--------+

Top non-repeatable levels by time:
     D:5: 2512 daAuts
    D:12: 2438 daAuts
Vaults:5: 1982 daAuts
    D:11: 1948 daAuts
  Lair:5: 1917 daAuts
Vaults:3: 1629 daAuts
     D:9: 1627 daAuts
    D:10: 1561 daAuts
   Elf:3: 1532 daAuts
Depths:3: 1528 daAuts
  Lair:3: 1508 daAuts
   Zot:1: 1492 daAuts
Spider:3: 1453 daAuts
Vaults:2: 1451 daAuts
  Lair:1: 1380 daAuts
